 Dungeon Crawl Stone Soup version 0.22-a0-268-g1cc83efe17 (webtiles) character file.

0 Manul the Ducker (level 1, -9/11 HPs)
             Began as a Spriggan Abyssal Knight on Mar 9, 2018.
             Was a Follower of Lugonu.
             Killed by the air
             ... invoked by a blizzard demon
              (20 damage)
             ... on level 2 of the Abyss.
             The game lasted 00:00:42 (247 turns).

Manul the Ducker (Spriggan Abyssal Knight)           Turns: 247, Time: 00:00:43

Health: -9/11      AC:  2    Str:  8    XL:     1   Next: 0%
Magic:  3/3        EV: 18    Int: 13    God:    Lugonu [*.....]
Gold:   179        SH:  0    Dex: 15    Spells: 0/0 levels left

rFire    . . .     SeeInvis +   d - +2 dagger (protect)
rCold    . . .     Gourm    .   (shield restricted)
rNeg     . . .     Faith    .   b - +0 robe
rPois    .         Spirit   .   (helmet restricted)
rElec    .         Reflect  .   (no cloak)
rCorr    .         Harm     .   (gloves unavailable)
MR       .....                  (boots unavailable)
Stlth    +.........             (no amulet)
HPRegen  0.03/turn              (no ring)
MPRegen  0.08/turn              (no ring)

@: very quick
A: very small, unfitting armour, see invisible, herbivore, speed 3, slow
metabolism 2
a: Depart the Abyss, Renounce Religion


You were on level 2 of the Abyss.
You worshipped Lugonu.
Lugonu was aware of your devotion.
You were not hungry.

You visited 0 branches of the dungeon, and saw 0 of its levels.
You visited the Abyss 1 time.

You collected 179 gold pieces.

Inventory:

Hand Weapons
 a - a +1 short sword
 d - a +2 dagger of protection (weapon)
Armour
 b - a +0 robe (worn)
Comestibles
 c - 2 rations


   Skills:
 + Level 2.4 Fighting
 + Level 2.1 Short Blades
 + Level 3.5 Dodging
 + Level 1.7 Invocations


You couldn't memorise any spells.
You didn't know any spells.

Dungeon Overview and Level Annotations

Branches:
Dungeon (0/15)

Altars:


Innate Abilities, Weirdness & Mutations

You are very small and have problems with some larger weapons.
You are too small for most types of armour.
You have supernaturally acute eyesight. (SInv)
You are a herbivore.
You cover ground extremely quickly.
You need to consume almost no food.


Message History

Found a ration.
An iron imp comes into view.
The iron imp moves out of view.
The iron imp shouts!
Found 54 gold pieces.
You now have 179 gold pieces (gained 54).
A ynoxinul and a zombie come into view.
The snapping turtle zombie moves out of view.
The ynoxinul gestures.
A wretched star comes into view.
A large abomination comes into view.
The large abomination misses you.
Found a morningstar.
Found a glowing morningstar.
A blizzard demon comes into view.
The blizzard demon shouts!
The blizzard demon waves its arms in wide circles.
The air twists around and strikes you!
Ouch! That really hurt!
You die...

## #.#..##
#.#........#
#..##......##
##...#.#..#...
####.............
#.#.........2.....
#..#..............
#...#.............
#......##@.)...#
#......##......#
...#.....X........
.# #..............
#.#.............
#.)#............
##.#............
##.#..#*.####..
..#.####...#.


You could see a wretched star, a blizzard demon and a large abomination.

Vanquished Creatures (others)
  2 starspawn tentacles (Abyss:2)
2 creatures vanquished.

Notes
Turn   | Place    | Note
-------+----------+-------------------------------------------
     0 | Abyss:1  | Manul the Spriggan Abyssal Knight began the quest for the Orb.
     0 | Abyss:1  | Reached XP level 1. HP: 11/11 MP: 3/3
   102 | Abyss:2  | Noticed a large abomination
   158 | Abyss:2  | Noticed a flayed ghost
   159 | Abyss:2  | Noticed a large abomination
   160 | Abyss:2  | Noticed a sun demon
   169 | Abyss:2  | Noticed a death knight
   169 | Abyss:2  | Noticed a flayed ghost
   169 | Abyss:2  | Noticed a freezing wraith
   169 | Abyss:2  | Noticed a freezing wraith
   170 | Abyss:2  | Noticed a tentacled starspawn
   173 | Abyss:2  | Noticed a ynoxinul
   176 | Abyss:2  | Noticed an iron imp
   200 | Abyss:2  | Noticed a ynoxinul
   200 | Abyss:2  | Noticed a snapping turtle zombie
   231 | Abyss:2  | Noticed a wretched star
   235 | Abyss:2  | Noticed a large abomination
   244 | Abyss:2  | Noticed a blizzard demon
   247 | Abyss:2  | Killed from afar by a blizzard demon

Vault maps used:
Abyss:2:  patterned_corridor

Action                   || total
-------------------------++-------
  Use: Scroll            ||     1
Dodge: Dodged            ||     1

Table legend:
 A = Spawn XP
 B = Non-spawn XP
 C = Spawn XP percentage of total XP
 D = Spawn monster count
 E = Non-spawn monster count
 F = Spawn count percentage of total count
 G = Total turns spent on level
                    A         B        C        D         E        F      G
               +---------+---------+-------+---------+---------+-------+---------
         Total |       0 |       0 |   N/A |       0 |       0 |   N/A |   247
               +---------+---------+-------+---------+---------+-------+---------
               +---------+---------+-------+---------+---------+-------+---------
